 Dungeon Crawl Stone Soup version 0.31-a0-196-g86fe4a5e66 (webtiles) character file.

Game seed: 6441285608794523304

92 qw the Shooter (level 4, -3/25 HPs)
             Began as a Deep Elf Hunter on June 24, 2023.
             Slain by a mummy (12 damage)
             ... on level 3 of the Dungeon.
             The game lasted 00:00:43 (1390 turns).

qw the Shooter (Deep Elf Hunter)                    Turns: 1390, Time: 00:00:44

Health: -3/25      AC:  3    Str: 10    XL:     4   Next: 35%
Magic:  6/6        EV: 12    Int: 14    God:
Gold:   163        SH:  0    Dex: 18    Spells: 3/3 levels left

rFire   . . .        Y - +0 shortbow
rCold   . . .        (shield currently unavailable)
rNeg    . . .        c - +0 leather armour
rPois   .            (no helmet)
rElec   .            (no cloak)
rCorr   .            (no gloves)
SInv    .            (no boots)
Will    .....        (no amulet)
Stlth   ++           (no ring)
HPRegen 0.24/turn    (no ring)
MPRegen 0.10/turn

%: no passive effects
@: no status effects
A: no striking features
a: no special abilities


You were on level 3 of the Dungeon.
You visited 1 branch of the dungeon, and saw 3 of its levels.

You collected 163 gold pieces.


   Skills:
 - Level 1.5 Fighting
 + Level 7.8 Ranged Weapons
 - Level 2.4 Dodging
 - Level 1.2 Stealth


You had 3 spell levels left.
You didn't know any spells.
Your spell library was empty.

Inventory:

Hand Weapons
 Y - a +0 shortbow (weapon)
Armour
 a - a +0 ring mail
 c - a +0 leather armour (worn)
Scrolls
 b - a scroll of brand weapon {unknown}
 f - a scroll of teleportation {unknown}
 i - a scroll of fog {unknown}
Potions
 d - a potion of berserk rage {unknown}
 e - a potion of attraction {unknown}
 g - a potion of might {unknown}
 h - a potion of invisibility {unknown}

Dungeon Overview and Level Annotations

Branches:
Dungeon (3/15)

Altars:
Cheibriados
Xom
Zin
The Shining One


Message History

Enter note:
Enter note: You shoot an arrow.
The arrow hits the giant cockroach but does no damage.
You shoot an arrow. The arrow hits the giant cockroach.
The giant cockroach is moderately wounded.
You shoot an arrow.
The arrow barely misses the giant cockroach.
You shoot an arrow. The arrow hits the giant cockroach!
You kill the giant cockroach!
i - a scroll labelled LEUFOWNO VAOCKO
Enter note:
Enter note: An endoplasm comes into view.
Enter note:
Enter note: You shoot an arrow.
The arrow hits the endoplasm.
The endoplasm quivers.
The endoplasm is heavily wounded.
You shoot an arrow. The arrow hits the endoplasm.
You kill the endoplasm!
A sourceless malevolence fills the Dungeon... and a teleportation trap spontaneously manifests!
You are yanked towards some nearby monsters!
Your surroundings suddenly seem different.
A mummy and a kobold come into view.
Found a scroll labelled LEUFOWNO VAOCKO.
Found a snail-covered altar of Cheibriados.
Enter note:
Enter note: You shoot an arrow.
The kobold shouts!
The arrow hits the mummy but does no damage.
You shoot an arrow. The arrow closely misses the mummy.
You shoot an arrow. The arrow barely misses the mummy.
The mummy hits you!
Ouch! That really hurt!
You shoot an arrow. The arrow hits the mummy.
The mummy is moderately damaged.
The kobold misses you. The mummy hits you!
You die...

#.##.#. ?#.# #.##.#.
###.#.# #.##.##
#.....# #.##.##
#.....# #......
####.....### #......
#...........###......
##...K................
#....@M_......###....<
#............######.#.
#..................#..
#.###.....#########.##
# #.....# #...#
#..^..# #.... .....##
#...# ###### ##### #


You could see a mummy and a kobold.

Vanquished Creatures
  An orc wizard (D:3)
  2 worms
  2 orcs (D:3)
  3 endoplasms
  4 giant cockroaches
  3 hobgoblins
  8 jackals
  3 kobolds
  A quokka (D:2)
  8 ball pythons
  4 bats
  2 frilled lizards
  7 goblins
  6 rats
54 creatures vanquished.

Notes
Turn   | Place    | Note
-------+----------+-------------------------------------------
     0 | D:1      | qw the Deep Elf Hunter began the quest for the Orb.
     0 | D:1      | Reached XP level 1. HP: 12/12 MP: 3/3
     0 | D:1      | 0 ||| qw: Version: 0.3-a-9-g12657ce
     0 | D:1      | 0 ||| qw: Game counter: 4772
     0 | D:1      | 0 ||| qw: Always use a shield: true
     0 | D:1      | 0 ||| qw: God list: Okawaru
     0 | D:1      | 0 ||| qw: Allow faded altars: false
     0 | D:1      | 0 ||| qw: Do Orc after D:15 true
     0 | D:1      | 0 ||| qw: Do second Lair branch before Depths: true
     0 | D:1      | 0 ||| qw: Lair rune preference: random
     0 | D:1      | 0 ||| qw: Plans: Normal
     0 | D:1      | 0 ||| PLANNING D:1-11
   127 | D:1      | HP: 3/12 [hobgoblin (2)]
   217 | D:1      | Reached XP level 2. HP: 16/16 MP: 4/4
   228 | D:1      | Reached skill level 6 in Ranged Weapons
   378 | D:1      | Found a faded altar of an unknown god.
   470 | D:1      | 470 ||| DROPPING scroll of butterflies.
   526 | D:2      | Found a glowing golden altar of the Shining One.
   566 | D:2      | Reached XP level 3. HP: 20/20 MP: 5/5
   906 | D:2      | Reached skill level 7 in Ranged Weapons
   999 | D:2      | 999 ||| READING scroll labelled HABILA WADWY.
  1000 | D:2      | 1000 ||| READING scroll labelled UMYTEPHOIT.
  1001 | D:2      | 1001 ||| READING scroll labelled URICRU NEUCEO.
  1015 | D:3      | 1015 ||| STAIRDANCE
  1168 | D:3      | Reached XP level 4. HP: 16/25 MP: 6/6
  1189 | D:3      | 1189 ||| FLEEEEING.
  1190 | D:3      | 1190 ||| FLEEEEING.
  1196 | D:3      | 1196 ||| FLEEEEING.
  1251 | D:3      | Found a glowing silver altar of Zin.
  1252 | D:3      | Noticed an angel
  1253 | D:3      | Found a shimmering altar of Xom.
  1386 | D:3      | Found a snail-covered altar of Cheibriados.
  1390 | D:3      | Slain by a mummy

Levels and vault maps discovered:
D:1:      nagdon_arrival_double_spiral, layout_rooms,
          nicolae_ecumenical_snake_handling
D:2:      layout_rooms, basic_altar, due_unseen_surprise
D:3:      layout_loops_ring, grunt_temple_overflow_order_and_chaos_1,
          slow_altar_1, minmay_misc_feat_rows

Skill      XL: |  1  2  3 |
---------------+----------+-----
Ranged Weapons | 6 7 |  7.8
Fighting       | |  1.5
Dodging        | |  2.4
Stealth        | |  1.2

Action                     |  1- 3 |  4- 6 || total
---------------------------+-------+-------++-------
   Fire: Shortbow          |   133 |    30 ||   163
    Use: Scroll            |     3 |       ||     3
 Armour: Leather armour    |    17 |     1 ||    18
  Dodge: Dodged            |    45 |     5 ||    50

Table legend:
 A = Non-vault XP
 B = Vault XP
 C = Vault XP percentage of total XP
 D = Non-vault monster count
 E = Vault monster count
 F = Vault count percentage of total count
                 A         B        C        D         E       F
            +---------+---------+-------+---------+---------+-------
      Total |     127 |       5 |   3.8 |      51 |       3 |   5.6
            +---------+---------+-------+---------+---------+-------
        D:1 |      23 |       5 |  17.9 |      15 |       3 |  16.7
        D:2 |      42 |       0 |   0.0 |      23 |       0 |   0.0
        D:3 |      62 |       0 |   0.0 |      13 |       0 |   0.0
            +---------+---------+-------+---------+---------+-------
